 Dungeon Crawl Stone Soup version 0.20.1-1-g8b1a95d (webtiles) character file.

210 Wazalsky the Skirmisher (level 5, 0/33 HPs)
             Began as a Gargoyle Berserker on Nov 4, 2017.
             Was a Believer of Trog.
             Killed by divine providence
             ... invoked by an orc priest
              (6 damage)
             ... on level 4 of the Dungeon on Nov 5, 2017.
             The game lasted 00:32:43 (2920 turns).

Wazalsky the Skirmisher (Gargoyle Berserker)        Turns: 2920, Time: 00:32:44

Health: 0/33       AC:  8    Str: 21    XL:     5   Next: 88%
Magic:  0/5        EV:  7    Int:  8    God:    Trog [**....]
Gold:   195        SH: 11    Dex:  9    Spells: 4/4 levels left

rFire    . . .     SeeInvis .   j - +1 mace (drain)
rCold    . . .     Gourm    .   I - +0 large shield
rNeg     + . .     Faith    .   L - +0 leather armour (curse)
rPois    ∞         Spirit   +   T - -1 helmet (curse)
rElec    +         Reflect  .   z - scarf {Spirit}
rCorr    +         Harm     .   F - +0 pair of gloves
MR       +....                  (no boots)
Stlth    +.........             (no amulet)
Regen    0.2/turn               q - ring of resist corrosion
MPRegen  0.1/turn               p - ring of protection from magic

@: no status effects
A: negative energy resistance 1, electricity resistance, unbreathing,
petrification resistance, rot immunity, AC +4
a: Berserk, Trog's Hand, Burn Spellbooks, Renounce Religion


You were on level 4 of the Dungeon.
You worshipped Trog.
Trog was pleased with you.
You were not hungry.

You visited 1 branch of the dungeon, and saw 4 of its levels.

You collected 195 gold pieces.

Inventory:

Hand Weapons
 a - a +0 hand axe
 f - a +0 spear
 h - a +0 club
 i - a +0 hand axe of chopping
 j - a +1 mace of draining (weapon)
 l - a +0 dagger
 o - a +0 whip
 s - a +0 dagger
 t - a +0 flail
 w - a +0 dagger
 x - a +0 trident
 y - a +0 whip
 A - a +0 club
 B - a +0 club
 O - a +0 hand axe
 R - a +0 short sword
 S - a +2 rapier of electrocution
Missiles
 d - 86 stones (quivered)
 k - 20 sling bullets
 u - 25 bolts
 E - 19 arrows
 Q - 3 tomahawks
Armour
 b - a +0 animal skin
 e - a +0 robe
 g - a +0 scale mail
 m - a +0 ring mail
 n - a +0 ring mail
 z - a scarf of spirit shield (worn)
 D - a +0 chain mail
 F - a +0 pair of gloves (worn)
 G - a +0 helmet
 I - a +0 large shield (worn)
 L - a cursed +0 leather armour (worn)
 M - a +0 robe
 N - a +0 scale mail
 P - a +0 ring mail
 T - a cursed -1 helmet (worn)
Jewellery
 p - a ring of protection from magic (right hand)
 q - a ring of resist corrosion (left hand)
Wands
 c - a wand of flame (31/48)
Scrolls
 r - a scroll of teleportation
 C - 2 scrolls of identify
Potions
 K - a potion of resistance
Comestibles
 v - a bread ration


   Skills:
 + Level 4.1 Fighting
 + Level 4.1(4.2) Axes
 + Level 0.2(2.8) Maces & Flails
 + Level 1.3 Throwing
 + Level 2.9 Armour
 + Level 2.4 Dodging
 + Level 0.2 Stealth


You had 4 spell levels left.
You didn't know any spells.

Dungeon Overview and Level Annotations

Branches:
Dungeon (4/15)
 Temple: D:4-7

Altars:
Elyvilon
Fedhas
Hepliaklqana


Innate Abilities, Weirdness & Mutations

You are resistant to torment.
Your stone body is resilient. (AC +4)
You are immune to poison.
You resist negative energy. (rN+)
You are resistant to electric shocks. (rElec)
You can survive without breathing.
You are immune to petrification.
You are immune to rotting.


Message History

You throw a stone.
The stone hits the orc priest but does no damage.
The orc priest calls down the wrath of Beogh upon you.
Pain shoots through your body!
Throwing (i - inventory. (,) - cycle):
d - 87 stones (quivered)
Press: ? - help, Shift-Dir - straight line, f/p - orc priest
Aim: an orc priest, wielding a trident and wearing a chain mail You throw a stone.
The stone barely misses the orc priest.
The orc priest calls down the wrath of Beogh upon you.
Beogh smites you! The orc priest barely misses you.
You block the orc priest's attack.
You hit the orc. You drain the orc!
The orc is severely wounded.
The orc barely misses you.
The orc priest mumbles some strange prayers to Beogh against you.
Beogh smites you!
* * * LOW HITPOINT WARNING * * *
The orc priest mumbles some strange prayers to Beogh against you.
Beogh smites you!
You die...

#......#
#......#.......(
#......#........
#..†...#........
#......#....(...
#......#......
#......#.oo.
#......##o###
#......#.@..#
#......'....+
########......#....#
#.............#....#
..............#....#
..............#....#
........#######....##.
........#.............
........#.............


You could see 2 orc priests and an orc.

Vanquished Creatures
  Jessica (D:2)
  An orc wizard (D:3)
  Ijyb (D:3)
  6 adders
  An ooze (D:4)
  A worm (D:2)
  2 dart slugs
  A leopard gecko (D:2)
  6 orcs (D:3)
  A ball python (D:2)
  5 giant cockroaches
  5 goblins
  7 hobgoblins
  3 jackals (D:4)
  A quokka (D:2)
  6 bats
  3 frilled lizards (D:1)
  8 kobolds
  4 rats
63 creatures vanquished.

Notes
Turn   | Place    | Note
-------+----------+-------------------------------------------
     0 | D:1      | Wazalsky the Gargoyle Berserker began the quest for the Orb.
     0 | D:1      | Reached XP level 1. HP: 14/14 MP: 1/1
   214 | D:1      | Reached XP level 2. HP: 11/19 MP: 2/2
  1046 | D:1      | Reached XP level 3. HP: 21/23 MP: 3/3
  1143 | D:2      | Reached ** piety under Trog
  1368 | D:2      | Noticed Jessica
  1375 | D:2      | Killed Jessica
  1375 | D:2      | Reached XP level 4. HP: 26/29 MP: 4/4
  1565 | D:2      | Found a hazy altar of Hepliaklqana.
  1654 | D:2      | Found a blossoming altar of Fedhas.
  1691 | D:2      | Paralysed by fainting for 5 turns
  2045 | D:3      | Noticed Ijyb
  2082 | D:3      | Killed Ijyb
  2082 | D:3      | Reached skill level 1 in Throwing
  2082 | D:3      | Reached XP level 5. HP: 7/33 MP: 2/5
  2405 | D:3      | Found a white marble altar of Elyvilon.
  2920 | D:4      | Killed from afar by an orc priest

Skill      XL: |  1  2  3  4  5 |
---------------+----------------+-----
Axes           | 3 4 |  4.1
Dodging        | 2 |  2.4
Fighting       | 4 |  4.1
Throwing       | 1 |  1.3
Maces & Flails | |  0.2
Armour         | |  2.9
Stealth        | |  0.2

Action                   |  1- 3 |  4- 6 || total
-------------------------+-------+-------++-------
Melee: Hand axe          |    96 |   168 ||   264
       Mace              |       |    18 ||    18
Throw: Stone             |    27 |    18 ||    45
Invok: Berserk           |       |     1 ||     1
  Use: Scroll            |     4 |     4 ||     8
       Potion            |     1 |     4 ||     5
 Stab: Sleeping          |     1 |       ||     1
  Eat: Bread ration      |       |     1 ||     1
       Royal jelly       |       |     1 ||     1
       Fruit             |       |     1 ||     1
Armor: Animal skin       |    43 |     4 ||    47
       Scale mail        |       |   110 ||   110
       Leather armour    |       |     3 ||     3
Dodge: Dodged            |    79 |   102 ||   181
Block: Large shield      |       |     6 ||     6
